 Dungeon Crawl Stone Soup version 0.30-a0-918-g0ff054e9dc (webtiles) character file.

Game seed: 6020405566633065539

35 lessens the Slasher (level 3, 23/28 HPs)
             Began as a Djinni Warper on Mar 21, 2023.
             Quit the game on level 2 of the Dungeon.
             The game lasted 00:01:39 (976 turns).

lessens the Slasher (Djinni Warper)                  Turns: 976, Time: 00:01:39

Health: 23/28      AC:  6    Str: 12    XL:     3   Next: 55%
Gold:   53         EV:  9    Int: 14    God:
                   SH:  0    Dex: 18

rFire   + + .      SeeInvis .    a - +0 falchion
rCold   . . .      Faith    .    (no shield)
rNeg    . . .      Spirit   .    e - +0 scale mail
rPois   ∞          Reflect  .    (no helmet)
rElec   .          Rampage  .    (no cloak)
rCorr   .                        (no gloves)
Will    .....                    (boots unavailable) Stlth
                                 (no amulet)
HPRegen 0.24/turn                h - ring of protection from cold
MPRegen 0.00/turn                n - +6 ring of dexterity

@: flying
A: sickness immunity, fire resistance 2, cold vulnerability 1, float, innate
caster, HP casting, extra vitality 1
a: no special abilities


You were on level 2 of the Dungeon.
You visited 1 branch of the dungeon, and saw 2 of its levels.

You collected 53 gold pieces.

Inventory:

Hand Weapons
 a - a +0 falchion (weapon)
Missiles
 d - 7 boomerangs of dispersal (quivered)
 g - 9 poisoned darts
Armour
 b - a +0 leather armour
 e - a +0 scale mail (worn)
Jewellery
 h - a ring of protection from cold (left hand)
 l - a ring of wizardry
 m - a ring of resist corrosion
 n - a +6 ring of dexterity (right hand)
Scrolls
 c - a scroll of blinking
 f - 2 scrolls of identify {unknown}
Potions
 i - 2 potions of berserk rage {unknown}
 j - a potion of magic {unknown}
 k - a potion of lignification {unknown}


   Skills:
 - Level 2.0 Fighting
 + Level 3.3 Long Blades
 - Level 0.7 Throwing
 - Level 1.0 Armour
 - Level 2.1 Dodging
 - Level 2.4 Spellcasting


You knew the following spells:

 Your Spells              Type           Power      Damage    Failure   Level
a - Lesser Beckoning      Tloc           16%        N/A       56%         2
b - Vhi's Electric Charg  Tloc/Air       16%        N/A       80%         3
c - Teleport Other        Tloc           8%         N/A       80%         3
d - Manifold Assault      Tloc           8%         N/A       99%         4
e - Summon Small Mammal   Summ           32%        N/A       41%         1
B - Blink                 Tloc           16%        N/A       56%         2
Your spell library was empty.

Dungeon Overview and Level Annotations

Branches:
Dungeon (2/15) Zot: 11010

Altars:


Innate Abilities, Weirdness & Mutations

You are immune to sickness and miasma.
You are immune to poison.
Your flesh is very heat resistant. (rF++)
You are vulnerable to cold. (rC-)
You float through the air rather than walking.
You learn spells naturally, not from books.
Your magical power is your life essence.
You have superior vitality. (+4 MHP)


Message History

You hit the adder.
You kill the adder!
No target in view!
No target in view!
HP restored.
You see here an adder corpse.
You see here a +0 war axe.
You see here an adder corpse.
You now have 53 gold pieces (gained 12).
Found a stone staircase leading down.
An endoplasm comes into view.
You see here a green potion.
An endoplasm is nearby!
The endoplasm quivers.
You hit the endoplasm.
The endoplasm is lightly wounded.
The endoplasm freezes you.
You are frozen.
You barely miss the endoplasm.
The endoplasm is lightly wounded.
The endoplasm barely misses you.
You hit the endoplasm but do no damage.
The endoplasm is lightly wounded.
The endoplasm freezes you.
You are frozen.
The endoplasm hits you but does no damage.
You barely miss the endoplasm.
The endoplasm is lightly wounded.
The endoplasm hits you but does no damage.
You hit the endoplasm.
The endoplasm is moderately wounded.
The endoplasm hits you but does no damage.
You hit the endoplasm.
The endoplasm is heavily wounded.
The endoplasm barely misses you.
You slash the endoplasm!
You kill the endoplasm!
No target in view!
No target in view!
Are you sure you want to abandon this character and quit the game? (Confirm with "yes".)

... ... .... .....
.....# ......#
#...##+#####
#.@.(....#
#.$.!....#
##.......##########
#...>.........#...
#.......#####.#.##
#.......# #.#..#
#.......# #.##.#
#.......# #.##.#
######### #.##.#


There were no monsters in sight!

Vanquished Creatures
  An adder (D:2)
  A dart slug (D:1)
  3 endoplasms
  2 goblins (D:1)
  2 hobgoblins (D:1)
  2 quokkas (D:1)
  2 ball pythons (D:1)
  2 bats (D:1)
  2 frilled lizards (D:1)
  4 kobolds (D:1)
  3 rats (D:1)
24 creatures vanquished.

Notes
Turn   | Place    | Note
-------+----------+-------------------------------------------
     0 | D:1      | lessens the Djinni Warper began the quest for the Orb.
     0 | D:1      | lessens set off with the following spells memorised: Blink,
                  | Lesser Beckoning, Vhi's Electric Charge, Teleport Other,
                  | Manifold Assault.
     0 | D:1      | Reached XP level 1. HP: 18/18 MP: 0/0
    33 | D:1      | Reached skill level 2 in Long Blades
   142 | D:1      | Reached XP level 2. HP: 21/23 MP: 0/0
   540 | D:1      | Reached XP level 3. HP: 6/28 MP: 0/0
   540 | D:1      | Learned a level 1 spell: Summon Small Mammal
   543 | D:1      | Reached skill level 3 in Long Blades
   976 | D:2      | Quit the game

Illustrated notes

Levels and vault maps discovered:
D:1:      erik_arrival_triangle_small, layout_basic
D:2:      layout_basic

Skill      XL: |  1  2  3 |
---------------+----------+-----
Long Blades    | 2 3 |  3.3
Fighting       | |  2.0
Throwing       | |  0.7
Armour         | |  1.0
Dodging        | |  2.1
Spellcasting   | |  2.4

Action                     || total
---------------------------++-------
  Melee: Falchion          ||    87
 Armour: Leather armour    ||     1
         Scale mail        ||    32
  Dodge: Dodged            ||    39

Table legend: (Time is in decaauts)
 A = Elapsed time spent in this place.
 B = Non-inter-level travel time spent in this place.
 C = Inter-level travel time spent in this place.
 D = Time resting spent in this place.
 E = Time spent auto-exploring this place.
 F = Levels seen in this place.
 G = Mean time per level.
                   A        B        C        D        E       F      G
               +--------+--------+--------+--------+--------+-----+--------+
         Total |    989 |    957 |     32 |      0 |    693 |   2 |  494.5 |
       Dungeon |    989 |    957 |     32 |      0 |    693 |   2 |  494.5 |
               +--------+--------+--------+--------+--------+-----+--------+

Top non-repeatable levels by time:
     D:1: 844 daAuts
     D:2: 144 daAuts
